 Dungeon Crawl Stone Soup version 0.31.0-11-ge490571c62 (webtiles) character file.

Game seed: 201385625561585521

1566708 greynaab the Peltast (level 27, 297/297 HPs)
             Began as a Troll Summoner on Feb 1, 2024.
             Was the Champion of Ashenzari.
             Escaped with the Orb
             ... and 3 runes on Feb 4, 2024!
             The game lasted 09:23:16 (82370 turns).

greynaab the Peltast (Troll Summoner)              Turns: 82370, Time: 09:23:17

Health: 297/297    AC: 21    Str: 21    XL:     27
Magic:  20/29      EV: 16    Int: 17    God:    Ashenzari [******]
Gold:   3459       SH: 27    Dex: 17    Spells: 1/48 levels left

rFire   + + .        b - +18 lance "Wyrmbane" {slay drac, rPois rF+ rC+ AC+3, Comp, Dev} (curse)
rCold   + + .        t - +5 Storm Queen's Shield {shock, Fly rElec, Melee, Self} (curse)
rNeg    + + +        K - quicksilver dragon scales of Panopticon {Will+, Range, Fort} (curse)
rPois   +            V - +1 hat "Ruined Together" {SInv, Self, Elem} (curse)
rElec   +            S - +0 cloak of the Restrained Sorrow {rElec rF+ rN+ Slay+2, Elem, Fort} (curse)
rCorr   +            (gloves unavailable)
SInv    +            (boots unavailable)
Will    +++++        J - amulet of Ashenzari's Comet {Reflect rN+ Slay+4 SH+5, Self, Range} (curse)
Stlth   +            v - ring of Supernal Knowledge {rPois Will++ rCorr, Self, Melee} (curse)
HPRegen 1.49/turn    B - ring "Visionary of Ashenzari" {rC+ rN+ Will+ Str-5 Dex+3, Dev, Sorc} (curse)
MPRegen 0.21/turn

%: reflection, clarity
@: flying, studying 2 skills, inugami summoned
A: large, unfitting armour, claws 3, regeneration 1, shaggy fur 1, tough skin 1,
thin skeletal structure 1, low MP 2, MP-powered wands
0: Orb of Zot
}: 3/15 runes: barnacled, silver, gossamer
a: Renounce Religion, Shatter the Chains


You escaped.
You worshipped Ashenzari.
Ashenzari was exalted by your worship.
You visited 11 branches of the dungeon, and saw 51 of its levels.
You also visited: Trove, Bailey, Gauntlet and Wizlab.

You collected 8597 gold pieces.
You spent 5138 gold pieces at shops.

Inventory:

Hand Weapons
 b - the cursed +18 lance "Wyrmbane" (weapon) {slay drac, rPois rF+ rC+ AC+3, Comp, Dev}
   (You took it off a deep elf sorcerer on level 3 of the Elven Halls)

   AC+3:      It affects your AC (+3).
   rF+:       It protects you from fire.
   rC+:       It protects you from cold.
   rPois:     It protects you from poison It has a curse which improves the
   following skills: Companions: Summonings and Necromancy.
   Devices:   Evocations and Shapeshifting.
Missiles
 o - 15 darts of dispersal
 u - 13 javelins
 z - 6 throwing nets
 N - 83 large rocks (quivered)
 O - 39 boomerangs
 Z - 6 curare-tipped darts
Armour
 t - the cursed +5 Storm Queen's Shield (worn) {shock, Fly rElec, Melee, Self}
   (You took it off a skeletal warrior on level 3 of the Crypt)

   Shock:     When it blocks an attack, it may electrocute the attacker.
   This works even against foes who are a short distance away.
   rElec:     It insulates you from electricity.
   Fly:       It grants you flight.
   It has a curse which improves the following skills: Melee Combat: Short
   Blades, Long Blades, Axes, Maces & Flails, Polearms, Staves and Unarmed
   Combat.
   Introspection: Fighting and Spellcasting.
 K - the cursed quicksilver dragon scales of Panopticon (worn) {Will+, Range, Fort}
   (You found it in a bailey)

   Will+:     It increases your willpower.
   It has a curse which improves the following skills: Ranged Combat: Ranged
   Weapons and Throwing.
   Fortitude: Armour and Shields.
 S - the cursed +0 cloak of the Restrained Sorrow (worn) {rElec rF+ rN+ Slay+2, Elem, Fort}
   (You bought it in a shop on level 2 of the Orcish Mines)

   Slay+2:    It affects your accuracy & damage with ranged weapons and melee
   (+2).
   rF+:       It protects you from fire.
   rElec:     It insulates you from electricity.
   rN+:       It protects you from negative energy.
   It has a curse which improves the following skills: Elements: Fire Magic, Ice
   Magic, Air Magic and Earth Magic.
   Fortitude: Armour and Shields.
 V - the cursed +1 hat "Ruined Together" (worn) {SInv, Self, Elem}
   (You took it off Gastronok on level 10 of the Dungeon)

   It has a curse which improves the following skills: Introspection: Fighting
   and Spellcasting.
   Elements:  Fire Magic, Ice Magic, Air Magic and Earth Magic.
Jewellery
 v - the cursed ring of Supernal Knowledge (left claw) {rPois Will++ rCorr, Self, Melee}
   (You found it in a treasure trove)

   [ring of resist corrosion]

   rPois:     It protects you from poison Will++: It greatly increases your
   willpower.
   rCorr:     It protects you from acid and corrosion.
   It has a curse which improves the following skills: Introspection: Fighting
   and Spellcasting.
   Melee Combat: Short Blades, Long Blades, Axes, Maces & Flails, Polearms,
   Staves and Unarmed Combat.
 B - the cursed ring "Visionary of Ashenzari" (right claw) {rC+ rN+ Will+ Str-5 Dex+3, Dev, Sorc}
   (You found it on level 2 of the Depths)

   [ring of willpower]

   Str-5:     It affects your strength (-5).
   Dex+3:     It affects your dexterity (+3).
   rC+:       It protects you from cold.
   rN+:       It protects you from negative energy.
   Will+:     It increases your willpower.
   It has a curse which improves the following skills: Devices: Evocations and
   Shapeshifting.
   Sorcery:   Conjurations and Alchemy.
 J - the cursed amulet of Ashenzari's Comet (around neck) {Reflect rN+ Slay+4 SH+5, Self, Range}
   (You bought it in a shop on level 4 of the Vaults)

   [amulet of reflection]

   Reflect:   It reflects blocked missile attacks.
   Slay+4:    It affects your accuracy & damage with ranged weapons and melee
   (+4).
   rN+:       It protects you from negative energy.
   SH+5:      It affects your SH (+5).
   It has a curse which improves the following skills: Introspection: Fighting
   and Spellcasting.
   Ranged Combat: Ranged Weapons and Throwing.
Talismans
 f - the granite talisman of Yredelemnul's Reproof {rN++ rCorr Str+3 Slay+2}
   (You took it off Roxanne on level 2 of the Elven Halls)

   [granite talisman]

   Str+3:     It affects your strength (+3).
   Slay+2:    It affects your accuracy & damage with ranged weapons and melee
   (+2).
   rN++:      It greatly protects you from negative energy.
   rCorr:     It protects you from acid and corrosion.
Wands
 g - a wand of acid (17)
 m - a wand of digging (13)
 y - a wand of flame (119)
 C - a wand of polymorph (50)
 Q - a wand of mindburst (31)
 T - a wand of iceblast (28)
 U - a wand of charming (18)
Scrolls
 d - 11 scrolls of noise
 j - 22 scrolls of teleportation
 k - a scroll of torment
 n - 17 scrolls of vulnerability
 p - 3 scrolls of poison
 D - 11 scrolls of fog
 E - a scroll of silence
 H - 5 scrolls of fear
 R - 10 scrolls of immolation
 W - a scroll of revelation
Potions
 a - 7 potions of mutation
 e - 2 potions of resistance
 h - 19 potions of curing
 i - 9 potions of brilliance
 l - 4 potions of ambrosia
 q - 5 potions of attraction
 r - 4 potions of cancellation
 s - 2 potions of might
 w - 4 potions of invisibility
 x - 4 potions of enlightenment
 G - 9 potions of lignification
 I - 4 potions of magic
 L - 2 potions of heal wounds
Miscellaneous
 c - a box of beasts
 F - a lightning rod (4/4)
 X - a phantom mirror
 Y - a phial of floods


   Skills:
 - Level 15.8(21.4) Fighting
 - Level 13.5(17.1) Maces & Flails
 - Level 11.9(15.5) Polearms
 - Level 14.4(18.0) Throwing
 - Level 8.1(11.8) Armour
 * Level 15.0 Dodging
 - Level 1.0 Stealth
 - Level 18.8(22.1) Shields
 - Level 10.0(13.6) Unarmed Combat
 - Level 5.8(11.2) Spellcasting
 - Level 15.6(18.0) Summonings
 + Level 1.5 Translocations
 - Level 4.1(7.3) Fire Magic
 - Level 5.0(8.4) Air Magic
 - Level 4.1(7.4) Earth Magic
 - Level 7.1(10.7) Evocations
 - Level 13.9(17.4) Shapeshifting


You had one spell level left.
You knew the following spells:

 Your Spells              Type           Power      Damage    Failure   Level
a - Summon Cactus Giant   Summ           31%        N/A       1%          6
b - Call Imp              Summ           100%       N/A       0%          2
c - Call Canine Familiar  Summ           63%        N/A       1%          3
d - Summon Lightning Spi  Summ/Air       53%        N/A       1%          4
e - Summon Ice Beast      Ice/Summ       41%        N/A       1%          3
f - Summon Blazeheart Go  Fire/Summ      51%        N/A       1%          4
g - Martyr's Knell        Necr/Summ      40%        N/A       3%          4
h - Summon Small Mammal   Summ           100%       N/A       0%          1
i - Dragon's Call         Summ           31%        N/A       100%        9
j - Animate Armour        Summ/Erth      100%       N/A       1%          4
k - Summon Forest         Summ/Tloc      21%        N/A       6%          5
l - Blink                 Tloc           28%        N/A       11%         2

Your spell library contained the following spells:

 Spells                   Type           Power      Damage    Failure   Level
 Sandblast                Erth           68%        2d15      1%          1
 Apportation              Tloc           28%        N/A       7%          1
 Kiss of Death            Conj/Necr      40%        2d8       12%         1
 Magic Dart               Conj           40%        1d5       12%         1
 Necrotise                Necr           40%        1d6       12%         1
 Sting                    Conj/Alch      40%        1d5       12%         1
 Scorch                   Fire           68%        2d7       1%          2
 Passwall                 Erth           34%        N/A       1%          3
 Mercury Vapours          Alch/Air       48%        N/A       3%          2
 Cigotuvi's Dreadful Rot  Necr/Alch/Air  38%        N/A       5%          2
 Summon Hydra             Summ           31%        N/A       7%          7
 Stone Arrow              Conj/Erth      44%        3d9       8%          3
 Inner Flame              Hex/Fire       22%        N/A       9%          3
 Searing Ray              Conj           20%        2d5       17%         2
 Sublimation of Blood     Necr           10%        N/A       17%         2
 Jinxbite                 Hex            18%        N/A       21%         2
 Brom's Barrelling Bould  Conj/Erth      22%        2d4       26%         4
 Flame Wave               Conj/Fire      22%        2d8       26%         4
 Petrify                  Alch/Erth      22%        N/A       26%         4
 Sticky Flame             Fire/Alch      22%        2d6       26%         4
 Hailstorm                Conj/Ice       10%        3d6       32%         3
 Ozocubu's Armour         Ice            11%        N/A       32%         3
 Vampiric Draining        Necr           10%        2d6       34%         3
 Confusing Touch          Hex            9%         N/A       36%         3
 Summon Horrible Things   Summ           31%        N/A       47%         8
 Borgnjor's Vile Clutch   Necr/Erth      11%        N/A       58%         5
 Fireball                 Conj/Fire      11%        3d7       58%         5
 Freezing Cloud           Conj/Ice/Air   10%        6-21      71%         5
 Animate Dead             Necr           10%        N/A       75%         4
 Dispel Undead            Necr           10%        3d9       75%         4
 Fulminant Prism          Conj/Alch      5%         3d6       75%         4
 Olgreb's Toxic Radiance  Alch           10%        N/A       75%         4
 Anguish                  Hex/Necr       5%         N/A       77%         4
 Cause Fear               Hex            4%         N/A       78%         4
 Malign Gateway           Summ/Tloc      21%        N/A       89%         7
 Alistair's Intoxication  Alch           6%         N/A       97%         5
 Curse of Agony           Necr           10%        N/A       97%         5
 Irradiate                Conj/Alch      5%         3d13      97%         5
 Metabolic Englaciation   Hex/Ice        5%         N/A       97%         5
 Yara's Violent Unravell  Hex/Alch       5%         3d4       98%         5
 Death Channel            Necr           5%         N/A       100%        6
 Eringya's Noxious Bog    Alch           5%         4d6       100%        6
 Sculpt Simulacrum        Ice/Alch       5%         N/A       100%        6
 Enfeeble                 Hex            4%         N/A       100%        7
 Ozocubu's Refrigeration  Ice            5%         4d8       100%        7
 Discord                  Hex            4%         N/A       100%        8
 Ignition                 Fire           17%        3d7       100%        8
 Lehudib's Crystal Spear  Conj/Erth      11%        10d4      100%        8
 Chain Lightning          Conj/Air       12%        3d16      100%        9
 Polar Vortex             Ice            5%         N/A       100%        9
 Shatter                  Erth           17%        3d16*     100%        9


Dungeon Overview and Level Annotations

Branches:
Dungeon (15/15)            Temple (1/1) D:6            Lair (5/5) D:9
 Shoals (4/4) Lair:3       Spider (4/4) Lair:3        Slime (0/5) Lair:5
    Orc (2/2) D:11            Elf (3/3) Orc:2        Vaults (5/5) D:14
  Crypt (3/3) Vaults:2       Tomb (0/3) Crypt:3      Depths (4/4) D:15
    Zot (5/5) Depths:4     Bailey (visited)          WizLab (visited)
Gauntlet (visited)

Altars:
Ashenzari
Cheibriados
Dithmenos
Elyvilon
Fedhas
Gozag
Hepliaklqana
Kikubaaqudgha
Makhleb
Nemelex Xobeh
Okawaru
Qazlal
Ru
Sif Muna
Trog
Uskayaw
Vehumet
Wu Jian
Xom
Yredelemnul
Zin
The Shining One
Jiyva

Shops:
D:5 (   Orc:2 (([*   Elf:1 =   Elf:2 *   Elf:3 =:=   Vaults:4 =   Vaults:5 ?!?
Depths:2 *

Portals:
Hell: Depths:1 Depths:2 Depths:3 Depths:4
Abyss: Depths:1 Depths:3
Pandemonium: Depths:2 Depths:4
Ziggurat: Depths:3

Annotations:
Depths:3 2 transporters
Zot:2 2 transporters


Innate Abilities, Weirdness & Mutations

You are too large for most types of armour.
You have claws for hands.
Your natural rate of healing is unusually fast.
You are covered in fur. (AC +1)
You have tough skin. (AC +1)
You have a somewhat thin skeletal structure. (Dex +2, Stealth+)
Your magical capacity is very low. (-20% MP)
You expend magic power (3 MP) to strengthen your wands.


Message History

The cherub resists.
The cherub shoots a sling bullet.
You block the sling bullet with an invisible shield... and reflect it back!
The sling bullet closely misses the cherub.
You reach to attack!
The cherub blocks your attack.
The cherub is moderately wounded.
The cherub shoots a sling bullet.
You block the sling bullet with an invisible shield... and reflect it back!
The sling bullet hits the cherub but does no damage.
You reach to attack!
You closely miss the cherub.
The cherub is moderately wounded.
You reach to attack!
You puncture the cherub!
The cherub is heavily wounded.
The cherub shoots a sling bullet.
You block the sling bullet with an invisible shield... and reflect it back!
The sling bullet completely misses the cherub.
Your shield discharges, shocking the cherub!
The cherub resists.
You reach to attack!
You completely miss the cherub.
The cherub is heavily wounded.
The cherub shoots a sling bullet.
You block the sling bullet with an invisible shield... and reflect it back!
The sling bullet hits your blazeheart golem!!
You could not reach far enough!
You reach to attack!
You impale the cherub!!
The cherub is almost dead.
Your blazeheart golem punches the cherub!
The cherub shoots a sling bullet.
The sling bullet hits your cactus giant!!
You swap places.
The cherub unwields a +0 sling.
The cherub wields a +4 flail of flaming.
It bursts into flame!
You block the cherub's attack. x2
Your shield discharges, shocking the cherub!
The cherub resists.
You puncture the cherub!
You kill the cherub!
Items here: )) [[.
Your blazeheart golem's core grows cold and it stops moving.
There is a staircase leading out of the dungeon here.
You have escaped!

#.........# #.###########.
#.........# #.# ####.
####.........# #.# #....
.............#######.########.###
####..............##.#........# #
##########..##....############
#P§.#..P.............
#P§###.P..###....#.##
#P§#@#§P..###.#......
#P##C##P........÷..#.
###h9.##)######......
#..X..#....# #....#. #.....#..#.#
#....#. #.....#..#.# #....#.
#..)§§#..#.# #....'. ###
#.§§§§#..#.# #....#. ..#
#.§§§§####.######.#.


You could see an Orb Guardian, a friendly cactus giant (summoned), a friendly
blazeheart golem (summoned, paralysed) and a friendly inugami (summoned).

Vanquished Creatures
  2 dread liches
  Mennas (Crypt:3)
  5 ancient liches
  9 orbs of fire
  4 Killer Klowns
  A curse toe (Zot:3)
  Margery (Crypt:2)
  10 golden dragons
  A caustic shrike (Depths:2)
  Nikola (D:15)
  A pandemonium lord (Depths:4)
  Jory (Crypt:3)
  A Brimstone Fiend (Zot:5)
  2 bone dragons (Crypt:3)
  5 electric golems
  20 tentacled monstrosities
  A hellephant (Crypt:2)
  7 liches
  The ghost of Strat the Eclecticist, an adept GrEE of Zin (Elf:3)
  The ghost of royokou the Scorcher, an adept GrEE of Vehumet (Shoals:2)
  2 Ice Fiends
  3 deep elf blademasters
  A shard shrike skeleton (Crypt:2)
  25 Orb Guardians (Zot:5)
  A titan (Vaults:5)
  Asterion (Elf:1)
  A deep elf master archer (Elf:3)
  An Executioner (Zot:5)
  6 death cobs
  4 quicksilver dragons
  6 sphinxes
  6 ancient champions
  16 shadow dragons
  6 tengu reavers
  Roxanne (Elf:2)
  7 storm dragons
  3 revenants (Crypt:2)
  Kirke (Lair:3)
  3 draconian monks
  Ilsuiw (Shoals:3)
  6 draconian knights
  A protean progenitor (Zot:4)
  4 deep elf sorcerers (Elf:3)
  8 frost giants
  2 iron dragons
  30 vault wardens
  3 draconian shifters
  The ghost of Wecaes the Arsonist, a journeyman HOFE of Okawaru (Shoals:1)
  10 ghost moths
  6 deep elf elementalists (Elf:3)
  Louise (Spider:3)
  14 fire giants
  2 emperor scorpions
  A draconian scorcher (Zot:1)
  3 curse skulls
  A cacodemon (Elf:3)
  5 draconian stormcallers
  A reaper (Shoals:2)
  2 balrugs
  13 stone giants
  12 ghouls
  6 broodmothers
  5 draconian annihilators
  16 ironbound preservers
  4 juggernaut skeletons (Crypt:3)
  11 ironbound thunderhulks
  20 very ugly things
  11 purple draconians
  4 deep elf annihilators
  6 deep elf demonologists
  13 deep elf death magi
  6 vampire knights
  3 black draconians
  6 green draconians
  A lorocyproca (Depths:4)
  8 white draconians
  3 dire elephants (Vaults:1)
  3 war gargoyles
  Azrael (D:15)
  10 spark wasps
  9 red draconians
  7 yellow draconians
  4 eidola
  12 merfolk impalers
  5 jiangshi
  A mummy priest (Crypt:3)
  7 ettins
  3 crystal guardians
  A green death (Depths:2)
  A spectral elf (Elf:3)
  24 yaktaur captains
  4 merfolk javelineers
  4 deep elf high priests
  3 fire dragons (Depths:4)
  3 rakshasas
  8 entropy weavers
  Fannar (Orc:1)
  9 great orbs of eyes
  6 peacekeepers
  7 ice dragons
  A jorogumo (Spider:3)
  3 alligator snapping turtles
  A juggernaut simulacrum (Depths:1)
  37 vault guards
  2 radroaches (Spider:3)
  6 hydras
  4 merfolk avatars
  10 boulder beetles
  5 spriggan air magi
  9 centaur warriors
  5 ironbound frosthearts
  A sphinx skeleton (Crypt:1)
  10 two-headed ogres (Orc:2)
  5 ogre magi
  4 satyrs
  A death knight (Crypt:1)
  6 merfolk aquamancers
  4 hell beasts
  2 spriggan skeletons (Crypt:3)
  A two-headed ogre (shapeshifter) (Vaults:5)
  29 dancing weapons
  2 deep troll shamans
  5 tengu warriors
  10 deep troll earth magi
  7 demonic crawlers
  A quicksilver ooze zombie (Crypt:2)
  6 spriggan berserkers
  6 vampire magi (Crypt:2)
  4 occultists
  An orc high priest (Elf:3)
  A spectral dire elephant (Crypt:2)
  3 soul eaters
  2 spectral storm dragons (Crypt:2)
  2 sun demons
  4 hell knights
  Sonja (D:10)
  11 deep elf knights
  6 shadow wraiths
  2 sixfirhies
  66 skeletal warriors
  3 iron trolls
  4 skysharks (Shoals:2)
  A storm dragon skeleton (Depths:2)
  5 sea snakes
  49 deep trolls
  3 elf simulacra (Elf:3)
  A pharaoh ant (Spider:2)
  8 orb spiders
  A death drake (shapeshifter) (Vaults:5)
  8 flayed ghosts
  A cherub (D:1)
  A spectral bunyip (Crypt:2)
  5 arcanists
  A swamp dragon (shapeshifter) (Vaults:5)
  An orange crystal statue (Zot:5)
  5 glowing orange brains
  13 lindwurms
  A steelbarb worm (shapeshifter) (Depths:2)
  5 deep elf archers
  3 sun moths
  An obsidian statue (Zot:5)
  6 bog bodies
  6 necromancers
  13 phantasmal warriors
  4 orc knights
  6 steelbarb worms
  15 deep elf zephyrmancers
  20 ironbound convokers
  An anaconda skeleton (Crypt:3)
  30 harpies
  An iron dragon zombie (Crypt:1)
  14 deep elf pyromancers
  A tengu skeleton (Depths:2)
  17 wolf spiders
  An iron giant skeleton (Crypt:3)
  9 fauns
  A wolf spider zombie (Crypt:1)
  A stone giant zombie (Crypt:2)
  4 orc sorcerers
  18 manticores
  Maurice (D:7)
  7 cyclopes
  27 moths of wrath
  A shadow dragon skeleton (Crypt:3)
  32 ugly things
  A faun (shapeshifter) (Vaults:5)
  An elephant (shapeshifter) (D:9)
  14 meliai
  A stone giant skeleton (Depths:1)
  11 black mambas
  2 elephants (Lair:5)
  Joseph (D:7)
  6 merfolk sirens
  2 smoke demons (Depths:1)
  An iron dragon skeleton (Crypt:3)
  A frost giant skeleton (Depths:2)
  A naga zombie (Crypt:2)
  An orange demon (Orc:2)
  A guardian serpent (Lair:5)
  2 kobold blastminers (Orc:2)
  21 vault sentinels
  3 spectral centaurs (Crypt:2)
  A dire elephant zombie (Crypt:2)
  6 water nymphs (Shoals:4)
  4 torpor snails
  A yellow draconian zombie (Crypt:3)
  11 cane toads
  3 rime drakes
  3 gargoyles
  A moth of wrath (shapeshifter) (Depths:4)
  A hellion (Depths:4)
  3 centaur skeletons
  4 naga skeletons
  A mana viper skeleton (Crypt:1)
  An unseen horror (shapeshifter) (Elf:3)
  5 unseen horrors
  A dire elephant skeleton (Crypt:3)
  41 yaktaurs
  8 tengu conjurers
  An anaconda simulacrum (Crypt:2)
  A komodo dragon (shapeshifter) (Elf:3)
  5 freezing wraiths
  6 guardian mummies (Crypt:3)
  2 spectral harpies (Crypt:2)
  8 komodo dragons
  An ice devil (D:12)
  4 trolls
  A merfolk (shapeshifter) (Elf:3)
  A minotaur skeleton (Crypt:1)
  A queen bee (shapeshifter) (Elf:3)
  A queen bee (D:13)
  Prince Ribbit (D:6)
  A hellwing (Depths:4)
  2 polar bears (shapeshifter) (Elf:3)
  A polar bear (Lair:2)
  43 merfolk
  8 snapping turtles
  25 tarantellas
  A glass eye (Depths:1)
  5 harpy skeletons
  A hydra skeleton (Crypt:3)
  13 wind drakes
  A fire dragon zombie (Crypt:1)
  11 hornets
  11 dream sheep
  A meliai zombie (Crypt:3)
  2 spectral merfolk (Shoals:1)
  A blink frog (shapeshifter) (D:13)
  7 air elementals
  2 jumping spiders (shapeshifter) (Elf:3)
  7 spriggans
  17 culicivoras
  An ettin skeleton (Crypt:3)
  25 slime creatures
  A spriggan (shapeshifter) (D:15)
  The ghost of Arctor the Magician, an amateur DEFE (D:4)
  An ice dragon skeleton (Crypt:2)
  8 wyverns
  A vampire (Elf:3)
  34 water elementals
  30 yaks
  A shadow (D:9)
  A basilisk (shapeshifter) (D:14)
  26 jumping spiders
  Grum (D:10)
  11 wraiths
  2 basilisks
  3 wargs
  3 steam dragons
  5 hogs (Lair:3)
  4 vampire mosquitoes (D:13)
  A minotaur simulacrum (Crypt:2)
  A sea snake simulacrum (Shoals:1)
  2 chaos spawn
  3 fire elementals (D:15)
  48 redbacks
  A redback simulacrum (D:14)
  2 harpy simulacra (Crypt:2)
  2 swamp worms (shapeshifter)
  A faun zombie (Crypt:1)
  2 acid dragons
  A naga (shapeshifter) (Elf:1)
  10 water moccasins
  5 hell hounds
  A skyshark zombie (Crypt:1)
  22 orc warriors
  2 sky beasts
  A cane toad skeleton (Crypt:2)
  A black bear (Lair:1)
  An ice beast (shapeshifter) (Elf:3)
  A black mamba simulacrum (Crypt:2)
  A dream sheep zombie (Crypt:3)
  23 laughing skulls
  17 ogres
  15 wolves
  2 crocodiles (shapeshifter) (Elf:1)
  A spectral cyclops (Shoals:1)
  15 centaurs
  A tengu (shapeshifter) (Elf:3)
  2 manticore skeletons
  6 nameless horrors
  A phantom (D:6)
  A kobold brigand (D:7)
  A weeping skull (Elf:3)
  A gnoll sergeant (D:5)
  16 bullfrogs
  7 necrophages
  2 scorpions
  An earth elemental (Elf:1)
  2 merfolk simulacra (Shoals:1)
  3 cyclops skeletons
  7 wights
  A swamp dragon simulacrum (Crypt:2)
  27 killer bees (D:13)
  A manticore simulacrum (Shoals:1)
  4 electric eels
  11 howler monkeys
  2 bombardier beetles
  5 hounds
  4 jellies
  10 orc priests
  3 gnoll boudas
  A sleepcap (D:6)
  2 iguanas
  17 orc wizards
  A statue (D:4)
  An ice beast zombie (Crypt:3)
  22 gnolls
  A swamp drake zombie (Crypt:2)
  12 adders
  2 shadow imps (D:7)
  A white imp (D:7)
  2 ufetubi
  A lava snake zombie (Crypt:3)
  A dart slug (D:2)
  A ribbon worm (D:2)
  57 orcs
  7 bats
  13 endoplasms
  A giant cockroach (D:1)
  A gnoll zombie (Crypt:3)
  8 goblins
  7 hobgoblins
  8 jackals
  5 quokkas
  6 ball pythons
  3 frilled lizards (D:2)
  11 kobolds
  A quokka skeleton (Crypt:2)
  5 rats
  A lost soul (Elf:3)
2211 creatures vanquished.

Vanquished Creatures (collateral kills)
  Saint Roka (Elf:2)
  Arachne (Spider:2)
  Zenata (Crypt:1)
  A sphinx (D:13)
  A deep elf master archer (Elf:3)
  Gastronok (D:10)
  A tengu reaver (Vaults:5)
  A fire giant (Vaults:5)
  A draconian knight (Zot:2)
  2 deep elf sorcerers (Elf:3)
  A deep elf elementalist (Elf:3)
  A frost giant (Depths:3)
  5 vault wardens
  An emperor scorpion (Lair:3)
  A ghost moth (Spider:3)
  A draconian stormcaller (Depths:4)
  An orc warlord (Orc:1)
  2 ghouls (Crypt:1)
  An ironbound thunderhulk (Vaults:1)
  A stone giant (Depths:1)
  A very ugly thing (Elf:3)
  A deep elf demonologist (Elf:3)
  A formless jellyfish (Vaults:1)
  A dire elephant (Vaults:1)
  3 deep elf death magi
  A spark wasp (D:15)
  3 deep elf annihilators
  2 merfolk impalers (Shoals:4)
  A great orb of eyes (Vaults:3)
  An entropy weaver (Vaults:2)
  A spectral elf (Elf:3)
  A merfolk javelineer (Shoals:4)
  A fire dragon (D:15)
  An entropy weaver (shapeshifter) (Elf:1)
  A rakshasa (Depths:3)
  2 vault guards (D:14)
  A deep elf high priest (D:12)
  2 death knights (Crypt:1)
  2 ironbound frosthearts
  2 merfolk aquamancers (Shoals:4)
  A dancing weapon (Elf:3)
  An ogre mage (Orc:2)
  2 two-headed ogres (Orc:2)
  A radroach (Spider:3)
  A deep troll shaman (Depths:2)
  A tengu warrior (Depths:3)
  Urug (D:11)
  2 hell knights (Vaults:5)
  6 skeletal warriors
  A soul eater (Crypt:3)
  A sea snake (Shoals:2)
  An arcanist (Vaults:2)
  A glowing orange brain (Depths:3)
  2 deep trolls (Vaults:1)
  2 deep elf archers
  2 necromancers (Vaults:5)
  An orc knight (Vaults:5)
  4 deep elf zephyrmancers
  2 phantasmal warriors
  8 wolf spiders
  5 deep elf pyromancers
  2 harpies (Shoals:4)
  A faun (Shoals:3)
  4 ugly things
  A cyclops (D:12)
  A merfolk siren (Lair:3)
  An elephant (Lair:5)
  4 cane toads
  2 black mambas
  A centaur skeleton (Crypt:3)
  A rime drake (Lair:4)
  2 yaktaurs
  A tengu conjurer (D:14)
  A queen bee (shapeshifter) (Elf:1)
  2 hornets (Depths:4)
  4 tarantellas
  3 blink frogs (Lair:3)
  6 merfolk
  A raiju (Orc:2)
  A snapping turtle (Shoals:1)
  4 jumping spiders
  A jumping spider (shapeshifter) (Elf:1)
  3 slime creatures
  2 wraiths
  2 spriggans (Depths:4)
  5 wyverns (Lair:5)
  A basilisk (Lair:1)
  9 yaks
  A fire bat (Orc:2)
  A warg (Orc:1)
  4 redbacks
  A sea snake simulacrum (Shoals:1)
  A chaos spawn (D:10)
  2 hogs (Lair:3)
  A vampire mosquito (D:13)
  A harpy simulacrum (Crypt:2)
  A steam dragon (Lair:2)
  An acid dragon (D:11)
  3 water moccasins (Lair:5)
  5 orc warriors
  A black bear (D:5)
  4 laughing skulls
  10 ogres
  4 wolves
  4 centaurs
  A phantom (D:6)
  A weeping skull (Elf:3)
  A kobold brigand (D:10)
  A gnoll sergeant (D:5)
  2 bullfrogs
  A scorpion (Lair:1)
  7 killer bees (D:13)
  A killer bee (shapeshifter) (Elf:1)
  A snapping turtle simulacrum (Shoals:1)
  3 howler monkeys
  A jelly (Lair:5)
  5 orc priests
  An iguana (D:5)
  6 orc wizards
  6 gnolls
  2 adders
  An ufetubus (D:6)
  A dart slug (D:6)
  30 orcs
  A giant cockroach (D:3)
  2 jackals (D:5)
  4 kobolds (D:10)
291 creatures vanquished.

Vanquished Creatures (others)
  A doom hound (Crypt:2)
  A deep elf elementalist (Elf:3)
  A caustic shrike skeleton (Depths:1)
  A hydra (Lair:2)
  A dancing weapon (Elf:2)
  2 deep elf knights
  An ironbound convoker (Vaults:4)
  A water elemental (D:15)
  A jumping spider (Spider:3)
  A yak (D:10)
  A redback (Spider:4)
  A hell hound (D:15)
  An orc warrior (Elf:2)
  2 ogres
  A centaur (D:12)
  An orc priest (Orc:1)
  An orc wizard (D:9)
  144 blazeheart cores
  A lost soul (Elf:3)
  A snaplasher vine (Zot:5)
165 creatures vanquished.

Grand Total: 2667 creatures vanquished

Notes
Turn   | Place    | Note
-------+----------+-------------------------------------------
     0 | D:1      | greynaab the Troll Summoner began the quest for the Orb.
     0 | D:1      | Reached XP level 1. HP: 16/16 MP: 1/1
    42 | D:1      | Reached skill level 1 in Unarmed Combat
    74 | D:1      | Reached XP level 2. HP: 24/24 MP: 2/2
   433 | D:1      | Reached XP level 3. HP: 31/31 MP: 3/3
   572 | D:2      | Found an opulent altar of Gozag.
  1059 | D:2      | Found a faded altar of an unknown god.
  1183 | D:2      | Reached XP level 4. HP: 39/39 MP: 4/4
  1323 | D:2      | Learned a level 2 spell: Call Imp
  1510 | D:3      | Noticed a bullfrog
  1518 | D:3      | Killed a bullfrog
  1519 | D:3      | Reached XP level 5. HP: 39/45 MP: 1/5
  1607 | D:3      | Reached skill level 5 in Unarmed Combat
  1836 | D:3      | Reached XP level 6. HP: 38/53 MP: 3/6
  2158 | D:4      | Learned a level 3 spell: Call Canine Familiar
  2183 | D:4      | Found a radiant altar of Vehumet.
  2789 | D:4      | Found a runed translucent gate.
  2790 | D:4      | Found a runed translucent gate.
  2790 | D:4      | Noticed Arctor's ghost (amateur DEFE)
  2791 | D:4      | Found a runed translucent gate.
  3084 | D:5      | Entered Level 5 of the Dungeon
  3100 | D:5      | Reached XP level 7. HP: 51/59 MP: 4/7
  3232 | D:5      | Noticed a nameless horror
  3361 | D:5      | Reached skill level 5 in Summonings
  3361 | D:5      | Killed a nameless horror
  3454 | D:5      | Found Ceif's Weapon Shoppe.
  3600 | D:5      | Reached XP level 8. HP: 40/67 MP: 3/8
  4071 | D:5      | Found a glowing golden altar of the Shining One.
  4573 | D:6      | Found an ornate altar of the Wu Jian Council.
  5096 | D:6      | Reached XP level 9. HP: 74/74 MP: 3/9
  5278 | D:6      | Found a snail-covered altar of Cheibriados.
  5283 | D:6      | Noticed Prince Ribbit
  5293 | D:6      | Killed Prince Ribbit
  5405 | D:6      | Found a staircase to the Ecumenical Temple.
  5704 | D:7      | Noticed Maurice
  5708 | D:7      | Maurice stole a ring of flight
  5713 | D:7      | Something stole 4 javelins
  5718 | D:7      | Something stole 395 gold
  5750 | D:7      | Killed Maurice
  5938 | D:7      | Identified the +1 ring mail of the Winnowing Songs {rPois
                  | rN+ Dex+3}
  6040 | D:7      | Reached skill level 10 in Unarmed Combat
  6065 | D:7      | Learned a level 4 spell: Summon Lightning Spire
  6082 | D:7      | Noticed Joseph
  6095 | D:7      | Killed Joseph
  6227 | D:7      | Paralysed by a hornet for 2 turns
  6251 | D:7      | Reached skill level 1 in Air Magic
  6623 | D:8      | Reached XP level 10. HP: 84/87 MP: 6/10
  6810 | D:8      | Found a flagged portal.
  6832 | Bailey   | Entered a bailey
  6897 | Bailey   | Noticed an orc knight
  6921 | Bailey   | Killed an orc knight
  7018 | Bailey   | Found a large runed translucent door.
  7018 | Bailey   | Found a large runed translucent door.
  7019 | Bailey   | Noticed a deep elf pyromancer
  7021 | Bailey   | Found the +18 shield of the Gong {Loud rN+ Will+ rCorr
                  | EV-5}
  7187 | Bailey   | Killed a deep elf pyromancer
  7357 | D:8      | Found a bloodstained altar of Trog.
  7815 | Temple   | Entered the Ecumenical Temple
  7837 | Temple   | Became a worshipper of Ashenzari the Shackled
  8374 | D:9      | Reached skill level 5 in Air Magic
  8599 | D:9      | Found a staircase to the Lair.
  8720 | D:9      | Found a white marble altar of Elyvilon.
  8913 | D:9      | Reached XP level 11. HP: 93/93 MP: 7/13
  8914 | D:9      | a shapeshifter changed into a lindwurm
  8914 | D:9      | Noticed a lindwurm (shapeshifter)
  8924 | D:9      | a lindwurm changed into an elephant
  9112 | D:9      | Found a hazy altar of Hepliaklqana.
  9219 | D:10     | Entered Level 10 of the Dungeon
  9284 | D:10     | Found the +7 mace of Variability {chaos, chaos arc}
  9287 | D:10     | Found a shimmering altar of Xom.
  9288 | D:10     | Reached * piety under Ashenzari
  9421 | D:10     | Noticed Sonja
  9427 | D:10     | Killed Sonja
  9652 | D:10     | Noticed Gastronok
  9687 | D:10     | Killed Gastronok
  9688 | D:10     | Reached skill level 5 in Spellcasting
  9844 | D:10     | Reached ** piety under Ashenzari
  9871 | D:10     | Noticed Grum
  9903 | D:10     | Killed Grum
 10099 | D:10     | Found a burning altar of Makhleb.
 10099 | D:10     | Noticed an Executioner
 10472 | D:11     | Found a gate leading to a gauntlet.
 10479 | Gauntlet | Entered a Gauntlet
 10479 | Gauntlet | Found a transporter.
 10480 | Gauntlet | Reached *** piety under Ashenzari
 10490 | Gauntlet | Found a transporter.
 10505 | Gauntlet | Found a transporter.
 10510 | Gauntlet | Found a transporter.
 10512 | Gauntlet | Noticed a death yak
 10518 | Gauntlet | Noticed a necromancer
 10518 | Gauntlet | Noticed a death yak
 10519 | Gauntlet | Noticed a death yak
 10519 | Gauntlet | Noticed a death yak
 10520 | Gauntlet | Noticed a death yak
 10525 | Gauntlet | Identified the +1 hand axe "Luhomeutz" {spect, Dex+4}
 10529 | Gauntlet | Found a transporter.
 10541 | Gauntlet | Noticed a lightning spire
 10544 | Gauntlet | Found a transporter.
 10544 | Gauntlet | Noticed a lightning spire
 10556 | Gauntlet | Found a transporter.
 10568 | Gauntlet | Found a transporter.
 10580 | Gauntlet | Found a transporter.
 10580 | Gauntlet | Noticed an obsidian statue
 10592 | Gauntlet | Found a transporter.
 10598 | Gauntlet | Found a transporter.
 10598 | Gauntlet | Found a transporter.
 10637 | Gauntlet | Found a transporter.
 10649 | Gauntlet | Noticed a fire crab
 10657 | Gauntlet | Noticed a catoblepas
 10662 | Gauntlet | Found a transporter.
 10662 | Gauntlet | Identified the amulet "Otigen" {RegenMP Will+}
 10664 | Gauntlet | Found a transporter.
 10684 | Gauntlet | Found a transporter.
 10694 | Gauntlet | Reached **** piety under Ashenzari
 10871 | Gauntlet | Found a transporter.
 10901 | Gauntlet | Found a transporter.
 11550 | D:11     | Found a staircase to the Orcish Mines.
 11858 | Lair:1   | Entered Level 1 of the Lair of Beasts
 11879 | Lair:1   | Reached skill level 5 in Maces & Flails
 12174 | Lair:1   | Reached ***** piety under Ashenzari
 12453 | Lair:1   | Reached XP level 12. HP: 84/107 MP: 17/23
 12813 | Lair:1   | Noticed a boulder beetle
 12836 | Lair:1   | Killed a boulder beetle
 13133 | Lair:2   | Noticed a four-headed hydra
 13147 | Lair:2   | Killed a four-headed hydra
 13929 | Lair:3   | Found a staircase to the Shoals.
 14203 | Lair:3   | Reached skill level 1 in Shields
 14337 | Lair:3   | Reached skill level 2 in Shields
 14355 | Lair:3   | Reached skill level 5 in Fighting
 14452 | Lair:3   | Reached skill level 3 in Shields
 14707 | Lair:3   | Noticed Kirke
 14744 | Lair:3   | Reached XP level 13. HP: 121/128 MP: 12/24
 14749 | Lair:3   | Killed Kirke
 14820 | Lair:3   | Found a hole to the Spider Nest.
 14896 | Lair:3   | Reached skill level 4 in Shields
 15350 | Lair:3   | Learned a level 3 spell: Summon Ice Beast
 15355 | Lair:3   | Learned a level 4 spell: Summon Blazeheart Golem
 16429 | Lair:4   | Reached skill level 5 in Shields
 16828 | Lair:5   | Entered Level 5 of the Lair of Beasts
 17030 | Lair:5   | Found a staircase to the Slime Pits.
 17149 | Lair:5   | Reached skill level 1 in Fire Magic
 17632 | Lair:5   | Reached skill level 6 in Shields
 18126 | Lair:5   | Reached skill level 7 in Shields
 18452 | Lair:5   | Reached skill level 8 in Shields
 19023 | Orc:1    | Entered Level 1 of the Orcish Mines
 19147 | Orc:1    | Noticed Fannar
 19158 | Orc:1    | Killed Fannar
 19474 | Orc:1    | Reached skill level 9 in Shields
 19503 | Orc:1    | Noticed an orc warlord
 19525 | Orc:1    | Reached XP level 14. HP: 144/144 MP: 4/25
 19541 | Orc:1    | Killed an orc warlord
 20027 | Orc:2    | Entered Level 2 of the Orcish Mines
 20487 | Orc:2    | Reached skill level 10 in Shields
 20505 | Orc:2    | Reached skill level 11 in Shields
 20795 | Orc:2    | Found Ikulopli's Armour Shoppe.
 20795 | Orc:2    | Found Wufeg's General Store.
 20796 | Orc:2    | Found Guhegod's Antique Weapon Shop.
 20796 | Orc:2    | Found Gexzessi's Weapon Shoppe.
 20904 | Orc:2    | Found a staircase to the Elven Halls.
 21026 | Orc:2    | Found a shimmering altar of Xom.
 21120 | Orc:2    | Bought the +0 cloak "Ruaziuk" {rElec rF+ rN+ Slay+2} for
                  | 571 gold pieces
 21406 | D:12     | Noticed Urug
 21511 | D:11     | Killed Urug
 21663 | D:12     | Reached skill level 12 in Shields
 21897 | D:12     | Found a runed translucent door.
 22530 | D:13     | Found a portal to a secret trove of treasure.
 22701 | D:13     | Reached XP level 15. HP: 152/152 MP: 20/26
 23125 | D:13     | Reached skill level 10 in Summonings
 23150 | D:13     | Reached skill level 13 in Shields
 23372 | D:13     | Noticed a sphinx
 23381 | D:13     | Killed a sphinx
 23734 | D:14     | Reached skill level 14 in Shields
 24151 | D:14     | Found a gate to the Vaults.
 24256 | D:15     | Entered Level 15 of the Dungeon
 24447 | D:15     | Noticed Azrael
 24646 | Spider:1 | Entered Level 1 of the Spider Nest
 24993 | Elf:1    | Entered Level 1 of the Elven Halls
 25010 | Elf:1    | Reached ****** piety under Ashenzari
 25015 | Elf:1    | Reached skill level 1 in Armour
 25137 | Elf:1    | Paralysed by an air elemental for 1 turns
 25139 | Elf:1    | Paralysed by an air elemental for 1 turns
 25155 | Elf:1    | Paralysed by an air elemental for 1 turns
 25166 | Elf:1    | Paralysed by an air elemental for 1 turns
 25242 | Elf:1    | Reached XP level 16. HP: 167/167 MP: 18/29
 25257 | Elf:1    | Found Paimmul's Jewellery Shoppe.
 25334 | Elf:1    | Identified Weadgh's Anthology of the Scorpion
 25386 | Elf:1    | Identified the Annotations on the Gift
 25878 | Elf:2    | Identified the +3 helmet of Freedom {+Inv rF- Int+2}
 25984 | Elf:2    | Found Uriegra's General Store.
 25996 | Elf:2    | Noticed Asterion
 26172 | Elf:1    | Killed Asterion
 26332 | Elf:2    | Identified the granite talisman of Yredelemnul's Reproof
                  | {rN++ rCorr Str+3 Slay+2}
 26332 | Elf:2    | Noticed Roxanne
 26499 | Elf:3    | Entered Level 3 of the Elven Halls
 26742 | Elf:2    | Found a radiant altar of Vehumet.
 26858 | Elf:3    | Found Firoad's Jewellery Shoppe.
 26859 | Elf:3    | Found Malimewo's Book Boutique.
 26861 | Elf:3    | Found Lauce's Jewellery Shoppe.
 27191 | Elf:3    | Reached skill level 1 in Throwing
 27555 | Elf:3    | Identified the +0 plate armour "Nejuaf" {Fly rCorr MP+9
                  | Dex-4}
 27580 | Elf:3    | Reached skill level 5 in Dodging
 27917 | Elf:3    | Noticed a Tzitzimitl
 27971 | Elf:3    | Found a runed translucent gate.
 27971 | Elf:3    | Found a runed translucent gate.
 27971 | Elf:3    | Found a runed translucent gate.
 27971 | Elf:3    | Noticed a tentacled monstrosity
 27971 | Elf:3    | Noticed a tentacled monstrosity
 27971 | Elf:3    | Noticed a tentacled monstrosity
 28031 | Elf:3    | Reached skill level 5 in Armour
 28163 | Elf:3    | Noticed a deep elf blademaster
 28173 | Elf:3    | Killed a deep elf blademaster
 28578 | Elf:3    | Identified the +7 leather armour of the Meadowlark {rElec}
 28578 | Elf:3    | Noticed a deep elf blademaster
 28587 | Elf:3    | Killed a deep elf blademaster
 28588 | Elf:3    | Reached skill level 5 in Throwing
 28695 | Elf:3    | Noticed a deep elf master archer
 28754 | Elf:3    | Killed a deep elf master archer
 29023 | Elf:3    | Reached XP level 17. HP: 182/182 MP: 30/30
 29315 | Elf:3    | Noticed a Tzitzimitl
 29543 | Elf:3    | Noticed a deep elf master archer
 29729 | Elf:3    | Noticed a Tzitzimitl
 29765 | Elf:3    | Killed a deep elf master archer
 29920 | Elf:3    | Identified the +1 chain mail "Udykkoy" {SInv}
 30772 | Lair:3   | Reached skill level 10 in Maces & Flails
 33080 | Spider:2 | Noticed Arachne
 33139 | Spider:2 | Killed Arachne
 34581 | Spider:3 | Reached XP level 18. HP: 193/193 MP: 23/31
 34713 | Spider:3 | Noticed Louise
 34727 | Spider:3 | Killed Louise
 35222 | Spider:4 | Entered Level 4 of the Spider Nest
 35431 | Spider:3 | Learned a level 4 spell: Martyr's Knell
 35555 | Shoals:1 | Entered Level 1 of the Shoals
 35592 | Shoals:1 | Found a runed translucent gate.
 35592 | Shoals:1 | Found a runed translucent gate.
 35592 | Shoals:1 | Found a runed translucent gate.
 35593 | Shoals:1 | Noticed Wecaes's ghost (journeyman HOFE)
 35834 | D:4      | Killed Arctor's ghost
 36303 | D:15     | Identified the +0 scale mail of Focus {Regen+ MP+9 Dex-5
                  | SInv}
 36369 | D:15     | Found an ornate altar of the Wu Jian Council.
 36583 | D:15     | Killed Azrael
 36627 | D:15     | Found a staircase to the Depths.
 36736 | D:13     | You paid a toll of +2 ice dragon scales to enter a treasure
                  | trove
 36737 | Trove    | Entered a treasure trove
 36739 | Trove    | Identified the ring "Nifav" {MP+9 Int+2}
 36739 | Trove    | Identified the ring "Zigafa" {rPois Will+ SInv}
 36740 | Trove    | Identified the ring "Vodeb" {rF- rN+++ EV+5 Str+4 Int+2}
 36740 | Trove    | Identified the ring "Muffiz" {rPois Will++ rCorr}
 37259 | Depths:1 | Entered Level 1 of the Depths
 37465 | Depths:1 | Noticed a lich
 39234 | Shoals:2 | Found a runed translucent gate.
 39234 | Shoals:2 | Found a runed translucent gate.
 39322 | Shoals:2 | Found a runed translucent gate.
 39324 | Shoals:2 | Noticed royokou's ghost (adept GrEE)
 39328 | Shoals:2 | Found a runed translucent door.
 39339 | Shoals:2 | Identified the +4 scale mail of Noap {rElec rPois Int+3
                  | Dex-2}
 39520 | Shoals:2 | Identified the +2 cloak of the Hall of Blades {rPois Int+6
                  | Dex-5}
 40255 | Shoals:2 | Reached skill level 1 in Polearms
 40687 | Shoals:3 | Noticed Ilsuiw
 40697 | Shoals:3 | Killed Ilsuiw
 41348 | Shoals:3 | Reached skill level 5 in Polearms
 41697 | Shoals:4 | Entered Level 4 of the Shoals
 42099 | Shoals:4 | Reached XP level 19. HP: 189/195 MP: 22/31
 42640 | Depths:1 | Noticed Nikola
 42747 | D:15     | Killed Nikola
 42880 | Depths:1 | Found a one-way gate to the infinite horrors of the Abyss.
 43779 | Depths:1 | Found a gateway to Hell.
 44784 | Depths:2 | Identified the ring of Jugitt {rPois rCorr Str+3 Stlth-}
 44890 | Depths:1 | Reached skill level 10 in Polearms
 45124 | Depths:2 | Identified the amulet "Uschoss" {Faith ^Fragile +Inv rPois
                  | rC+++}
 45496 | Depths:2 | Noticed a caustic shrike
 45698 | Depths:2 | Found Osesch's General Store.
 45849 | Depths:2 | Killed a caustic shrike
 46011 | Depths:2 | Bought a potion of haste for 140 gold pieces
 46226 | Depths:2 | Identified the ring "Fastrexo" {rC+ rN+ Will+ Str-5 Dex+3}
 46226 | Depths:2 | Identified the ring of Erhesyuc {rPois MP+9 Str-3 Int+6}
 46675 | Depths:2 | Found a one-way gate leading to the halls of Pandemonium.
 47224 | Depths:3 | Found a one-way gateway to a ziggurat.
 47265 | Depths:3 | Reached skill level 1 in Evocations
 47360 | Depths:3 | Reached XP level 20. HP: 196/201 MP: 15/32
 47912 | Orc:2    | Bought a scroll of teleportation for 45 gold pieces
 47912 | Orc:2    | Bought 2 scrolls of fog for 120 gold pieces
 48940 | Spider:3 | Gained mutation: You expend magic power (3 MP) to
                  | strengthen your wands. [mutagenic glow]
 49247 | Spider:3 | Reached skill level 10 in Fighting
 50266 | Spider:4 | Got a gossamer rune of Zot
 50671 | Shoals:4 | Paralysed by an air elemental for 1 turns
 51351 | Shoals:4 | Reached skill level 15 in Shields
 51641 | Shoals:4 | Paralysed by an air elemental for 1 turns
 51820 | Shoals:4 | Paralysed by an air elemental for 1 turns
 52146 | Shoals:4 | Got a barnacled rune of Zot
 52521 | Vaults:1 | Entered Level 1 of the Vaults
 52570 | Vaults:1 | Found a magical portal.
 52585 | WizLab   | Entered Maxwell's Workshop
 53290 | Vaults:1 | Paralysed by a formless jellyfish for 1 turns
 53296 | Vaults:1 | Reached skill level 5 in Evocations
 53579 | Vaults:1 | Reached XP level 21. HP: 183/215 MP: 33/33
 53631 | Vaults:1 | Identified a scroll of acquirement
 53636 | Vaults:1 | Acquired 788 gold pieces
 55060 | Depths:3 | Found a transporter.
 55102 | Depths:3 | Found a transporter.
 55422 | Depths:3 | Identified the ring of Kit Xos {rF- rC+ rN+ Will+}
 55426 | Depths:3 | Found a viscous altar of Jiyva.
 55524 | Depths:4 | Entered Level 4 of the Depths
 56408 | Depths:4 | Reached skill level 10 in Throwing
 56795 | Depths:4 | Reached skill level 16 in Shields
 57720 | Depths:4 | Noticed a golden dragon
 57752 | Depths:4 | Killed a golden dragon
 57796 | Depths:4 | Noticed a golden dragon
 57817 | Depths:4 | Killed a golden dragon
 57941 | Depths:4 | Found a gate to the Realm of Zot.
 59586 | Vaults:2 | Found a staircase to the Crypt.
 59623 | Crypt:1  | Entered Level 1 of the Crypt
 59805 | Crypt:1  | Reached XP level 22. HP: 220/223 MP: 34/34
 60056 | Crypt:1  | Noticed Zenata
 60061 | Crypt:1  | Killed Zenata
 60856 | Crypt:3  | Entered Level 3 of the Crypt
 61603 | Crypt:3  | Noticed Mennas
 61637 | Crypt:3  | Killed Mennas
 61665 | Crypt:3  | Reached skill level 17 in Shields
 62792 | Crypt:2  | Noticed Margery
 62821 | Crypt:2  | Killed Margery
 63375 | Crypt:2  | Found an ancient bone altar of Kikubaaqudgha.
 63375 | Crypt:2  | Identified the Reference Book on the Transforming Sky
 63388 | Crypt:2  | Identified the +5 short sword of Gashag {pain, *Noise rC+++
                  | Will+ Int-4}
 64498 | Crypt:3  | Found a basalt altar of Yredelemnul.
 64613 | Crypt:3  | Reached XP level 23. HP: 239/240 MP: 35/35
 64617 | Crypt:3  | Found a staircase to the Tomb.
 64711 | Crypt:3  | Identified the +2 robe of Ugad {rElec rPois rN+ Slay+2}
 64837 | Crypt:3  | Noticed Jory
 64871 | Crypt:3  | Killed Jory
 64996 | Crypt:3  | Reached skill level 18 in Shields
 65237 | Crypt:3  | Found a basalt altar of Yredelemnul.
 65941 | Crypt:3  | Noticed an ancient lich
 65970 | Crypt:3  | Killed an ancient lich
 66730 | Vaults:3 | Identified Nuevim's Parchment of Terrestrial Combustion
 67459 | Vaults:3 | Reached skill level 15 in Fighting
 68113 | Shoals:2 | Killed royokou's ghost
 68352 | Shoals:1 | Killed Wecaes's ghost
 68661 | Elf:2    | Killed Roxanne
 68687 | Elf:2    | Reached skill level 1 in Shapeshifting
 68696 | Elf:2    | Found a runed translucent gate.
 68696 | Elf:2    | Found a runed translucent gate.
 68696 | Elf:2    | Found a runed translucent gate.
 68701 | Elf:2    | Noticed Saint Roka
 68735 | Elf:2    | Killed Saint Roka
 69602 | Elf:2    | Reached skill level 5 in Shapeshifting
 69924 | Elf:3    | Reached XP level 24. HP: 175/263 MP: 1/36
 70076 | Elf:3    | Found a runed translucent gate.
 70076 | Elf:3    | Found a runed translucent gate.
 70081 | Elf:3    | Found a runed translucent gate.
 70081 | Elf:3    | Noticed Strat's ghost (adept GrEE)
 70089 | Elf:3    | Identified the +0 robe of Feasting {Fly rCorr Str+8 Stlth+}
 70178 | Elf:3    | Killed Strat's ghost
 70322 | Elf:3    | Gained mutation: You have sharp toenails. [mutagenic glow]
 70843 | Depths:3 | Identified the cursed quicksilver dragon scales of
                  | Panopticon {Will+, Range, Fort} (You found it in a bailey)
 71157 | Vaults:4 | Found Amitekka's Jewellery Shoppe.
 71161 | Vaults:4 | Bought the amulet of Ethiz {Reflect rN+ Slay+4 SH+5} for
                  | 1218 gold pieces
 71705 | Vaults:4 | Reached skill level 10 in Shapeshifting
 72588 | Vaults:4 | Learned a level 4 spell: Animate Armour
 72589 | Vaults:5 | Entered Level 5 of the Vaults
 72596 | Vaults:5 | Reached skill level 1 in Earth Magic
 73255 | Vaults:5 | Reached XP level 25. HP: 254/270 MP: 23/35
 73414 | Vaults:5 | Identified the +1 demon trident of Calculation {elec,
                  | ^Fragile Int+4}
 73417 | Vaults:5 | Identified the staff of the Vine {rC+ Conj}
 73631 | Vaults:5 | Found Pounuupu's Magic Scroll Boutique.
 73631 | Vaults:5 | Found Veusch's Distillery.
 73647 | Vaults:5 | Identified the +4 double sword "Owodij" {vamp, Str+3}
 73703 | Vaults:5 | Found Ampyur's Magic Scroll Emporium.
 73728 | Vaults:5 | Found Qakhub's Distillery.
 73732 | Vaults:5 | Bought a potion of brilliance for 56 gold pieces
 73732 | Vaults:5 | Bought a potion of might for 56 gold pieces
 73732 | Vaults:5 | Bought a potion of heal wounds for 70 gold pieces
 73732 | Vaults:5 | Bought a potion of curing for 42 gold pieces
 73732 | Vaults:5 | Bought 2 potions of resistance for 280 gold pieces
 73732 | Vaults:5 | Bought a potion of haste for 140 gold pieces
 73962 | Vaults:5 | Noticed a dread lich
 73973 | Vaults:5 | Killed a dread lich
 74103 | Vaults:5 | Identified the +4 ring mail "Veoczus" {-Tele Str+4}
 74175 | Vaults:5 | Got a silver rune of Zot
 74864 | Vaults:5 | Bought a potion of enlightenment for 70 gold pieces
 74864 | Vaults:5 | Bought a potion of lignification for 42 gold pieces
 74878 | Vaults:5 | Bought a scroll of revelation for 157 gold pieces
 74878 | Vaults:5 | Bought a scroll of teleportation for 63 gold pieces
 74878 | Vaults:5 | Bought 2 scrolls of immolation for 168 gold pieces
 74878 | Vaults:5 | Bought a scroll of revelation for 157 gold pieces
 74878 | Vaults:5 | Bought a scroll of teleportation for 63 gold pieces
 74878 | Vaults:5 | Bought a scroll of vulnerability for 84 gold pieces
 74878 | Vaults:5 | Bought a scroll of immolation for 84 gold pieces
 74896 | Vaults:5 | Bought a potion of invisibility for 120 gold pieces
 74896 | Vaults:5 | Bought 2 potions of curing for 90 gold pieces
 74896 | Vaults:5 | Bought a potion of mutation for 120 gold pieces
 74896 | Vaults:5 | Bought a potion of heal wounds for 75 gold pieces
 74896 | Vaults:5 | Bought a potion of curing for 45 gold pieces
 74896 | Vaults:5 | Bought a potion of ambrosia for 120 gold pieces
 74896 | Vaults:5 | Bought a potion of heal wounds for 75 gold pieces
 74896 | Vaults:5 | Bought a potion of invisibility for 120 gold pieces
 74896 | Vaults:5 | Bought a potion of resistance for 150 gold pieces
 74903 | Vaults:5 | Bought a scroll of revelation for 172 gold pieces
 74903 | Vaults:5 | Bought a scroll of immolation for 92 gold pieces
 74903 | Vaults:5 | Bought a scroll of blinking for 172 gold pieces
 74903 | Vaults:5 | Bought a scroll of teleportation for 69 gold pieces
 74903 | Vaults:5 | Bought a scroll of fear for 92 gold pieces
 75509 | Zot:1    | Entered Level 1 of the Realm of Zot
 75954 | Zot:1    | Reached skill level 10 in Dodging
 76024 | Zot:1    | Learned a level 9 spell: Dragon's Call
 76354 | Zot:2    | Identified the amulet "Ozeif" {Reflect Harm rPois Str+4
                  | Slay-6 SH+5 SInv}
 76671 | Zot:2    | Learned a level 6 spell: Summon Cactus Giant
 76677 | Zot:2    | Learned a level 5 spell: Summon Forest
 77091 | Zot:2    | Found a transporter.
 77203 | Zot:2    | Found a transporter.
 77205 | Zot:2    | Identified the ring of the Treeataur {Ice rElec}
 77205 | Zot:2    | Identified the amulet "Deareo" {Faith rCorr}
 77205 | Zot:2    | Identified the Enchiridion on Frigid Phlogiston
 77802 | Zot:3    | Reached XP level 26. HP: 288/288 MP: 37/37
 78267 | Zot:3    | Noticed an orb of fire
 78283 | Zot:3    | Killed an orb of fire
 79525 | Zot:5    | Entered Level 5 of the Realm of Zot
 79652 | Zot:5    | Reached skill level 15 in Summonings
 80314 | Zot:5    | Noticed an orb of fire
 80315 | Zot:5    | Gained mutation: You are dopey. (Int -2) [an orb of fire]
 80315 | Zot:5    | Noticed an orb of fire
 80325 | Zot:5    | Gained mutation: You are very dopey. (Int -4) [an orb of
                  | fire]
 80326 | Zot:5    | Killed an orb of fire
 80499 | Zot:5    | Noticed a dread lich
 80509 | Zot:5    | Killed a dread lich
 80514 | Zot:5    | Noticed an ancient lich
 80529 | Zot:5    | Killed an ancient lich
 80539 | Zot:5    | Noticed an ancient lich
 80547 | Zot:5    | Noticed an orb of fire
 80556 | Zot:5    | Killed an ancient lich
 80567 | Zot:5    | Killed an orb of fire
 80571 | Zot:5    | Killed an orb of fire
 80610 | Zot:5    | Noticed an orb of fire
 80610 | Zot:5    | Lost mutation: You expend magic power (3 MP) to strengthen
                  | your wands. [an orb of fire]
 80622 | Zot:5    | Killed an orb of fire
 80871 | Zot:5    | Noticed an orb of fire
 80871 | Zot:5    | Noticed an orb of fire
 80884 | Zot:5    | Gained mutation: You are clumsy. (Dex -2) [an orb of fire]
 80885 | Zot:5    | Gained mutation: Armour fits poorly on your strangely
                  | shaped body. [an orb of fire]
 80889 | Zot:5    | Gained mutation: You have hidden genetic defects. [an orb
                  | of fire]
 80891 | Zot:5    | Gained mutation: You occasionally lose the ability to read
                  | scrolls when taking damage. [an orb of fire]
 80894 | Zot:5    | Lost mutation: You are clumsy. (Dex -2) [potion of
                  | mutation]
 80894 | Zot:5    | Lost mutation: You occasionally lose the ability to read
                  | scrolls when taking damage. [potion of mutation]
 80894 | Zot:5    | Lost mutation: You have hidden genetic defects. [potion of
                  | mutation]
 80894 | Zot:5    | Gained mutation: You have a pair of small antennae on your
                  | head. [potion of mutation]
 80894 | Zot:5    | Gained mutation: You expend magic power (3 MP) to
                  | strengthen your wands. [potion of mutation]
 80894 | Zot:5    | Gained mutation: You are robust. (+10% HP) [potion of
                  | mutation]
 81116 | Zot:5    | Gained mutation: Your health recovers twice as slowly from
                  | being drained. [an orb of fire]
 81127 | Zot:5    | Gained mutation: You occasionally lose the ability to read
                  | scrolls when taking damage. [an orb of fire]
 81130 | Zot:5    | Killed an orb of fire
 81200 | Zot:5    | Noticed an orb of fire
 81209 | Zot:5    | Lost mutation: Armour fits poorly on your strangely shaped
                  | body. [an orb of fire]
 81216 | Zot:5    | Killed an orb of fire
 81218 | Zot:5    | Noticed an ancient lich
 81227 | Zot:5    | Lost mutation: You are robust. (+10% HP) [potion of
                  | mutation]
 81227 | Zot:5    | Lost mutation: You are very dopey. (Int -4) [potion of
                  | mutation]
 81228 | Zot:5    | Gained mutation: You are weak. (Str -2) [an orb of fire]
 81228 | Zot:5    | Gained mutation: You occasionally shout uncontrollably at
                  | your foes. [an orb of fire]
 81235 | Zot:5    | Killed an ancient lich
 81237 | Zot:5    | Noticed an orb of fire
 81244 | Zot:5    | Lost mutation: You occasionally lose the ability to read
                  | scrolls when taking damage. [potion of mutation]
 81244 | Zot:5    | Lost mutation: You have a pair of small antennae on your
                  | head. [potion of mutation]
 81244 | Zot:5    | Lost mutation: You are weak. (Str -2) [potion of mutation]
 81244 | Zot:5    | Gained mutation: Your muscles are strong. (Str +4, Int/Dex
                  | -1) [potion of mutation]
 81244 | Zot:5    | Gained mutation: Your magical capacity is low. (-10% MP)
                  | [an orb of fire]
 81251 | Zot:5    | Gained mutation: You sometimes lose your temper in combat.
                  | [an orb of fire]
 81254 | Zot:5    | Gained mutation: Your magical capacity is very low. (-20%
                  | MP) [an orb of fire]
 81255 | Zot:5    | Killed an orb of fire
 81262 | Zot:5    | Gained mutation: You have an uncontrollable temper. [an orb
                  | of fire]
 81272 | Zot:5    | Killed an orb of fire
 81300 | Zot:5    | Lost mutation: You are dopey. (Int -2) [potion of mutation]
 81300 | Zot:5    | Lost mutation: Your muscles are strong. (Str +4, Int/Dex
                  | -1) [potion of mutation]
 81300 | Zot:5    | Lost mutation: You occasionally shout uncontrollably at
                  | your foes. [potion of mutation]
 81414 | Zot:5    | Noticed an ancient lich
 81416 | Zot:5    | Reached XP level 27. HP: 297/297 MP: 29/29
 81429 | Zot:5    | Killed an ancient lich
 81593 | Zot:5    | Lost mutation: You have an uncontrollable temper. [potion
                  | of mutation]
 81593 | Zot:5    | Lost mutation: You sometimes lose your temper in combat.
                  | [potion of mutation]
 81593 | Zot:5    | Lost mutation: You have sharp toenails. [potion of
                  | mutation]
 81593 | Zot:5    | Lost mutation: Your health recovers twice as slowly from
                  | being drained. [potion of mutation]
 81593 | Zot:5    | Gained mutation: You have a somewhat thin skeletal
                  | structure. (Dex +2, Stealth+) [potion of mutation]
 81598 | Zot:5    | Learned a level 2 spell: Blink
 81598 | Zot:5    | Got the Orb of Zot
 81620 | Zot:5    | Noticed Tasol the pandemonium lord
 81830 | Zot:4    | Reached skill level 1 in Translocations
 81955 | Depths:4 | Noticed Mextour the pandemonium lord
 81974 | Depths:4 | Killed Mextour the pandemonium lord
 82116 | D:12     | Reached skill level 15 in Dodging
 82370 | D:$      | Escaped with the Orb!

Illustrated notes

Levels and vault maps discovered:
D:1:      roadster_arrival_rocket_small, layout_basic
D:2:      minmay_razor_zed, layout_loops_ring,
          hellmonk_ecumenical_altar_inner_sanctum, basic_altar
D:3:      layout_basic
D:4:      layout_basic, vehumet_statue, biasface_ghost_orc_armoury
D:5:      layout_cave_pools, general_overflow_altar, serial_gnoll_camp,
          gnoll_camp_mini_doghouse, gnoll_camp_mini_shop, gnoll_camp_huts_basic,
          gnoll_camp_mini_basic, gnoll_camp_mini_loothouse, gnoll_camp_mini_hut
D:6:      layout_basic, nicolae_overflow_crystal_walls, kennysheep_slug_shrine,
          minmay_temple_entry_purple_smoke, serial_park_tiny_1,
          nicolae_half_adder, uniq_prince_ribbit1
D:7:      layout_loops_cross, uniq_joseph, uniq_maurice
D:8:      layout_loops_corners, trog_three_pillars_becter,
          lightli_bailey_entry_fortress
D:9:      minmay_recursive_quarters, layout_long_grid, elyvilon_altar_1,
          nzn_hepliaklqana_mist_gate, lair_entry_dummy,
          minmay_misc_feat_four_crosses
D:10:     layout_irregular_city, makhleb_altar_promises_db,
          minmay_guarded_unrand_variability, uniq_sonja, uniq_gastronok,
          uniq_grum
D:11:     layout_basic, minmay_orc_entry_guard_dogs, gauntlet_entry_generic
D:12:     layout_basic, wad_hexagon, uniq_urug
D:13:     regret_index_combs_of_tragedy, layout_rooms, enter_trove_0,
          ebering_dispersal_statue_hall
D:14:     layout_rooms, erik_vaults_2, kennysheep_donut, special_room
          [special_room_orc], serial_glass, glass_columns_b, glass_columns_a,
          glass_columns_a, glass_columns_a, glass_columns_a, glass_columns_b,
          glass_columns_b, glass_columns_a, glass_columns_c, glass_columns_a,
          minmay_strange_pillars, item_on_display_a, due_unseen_surprise,
          item_on_display_a, minmay_liquid_box
D:15:     grunt_enter_depths_hoard, layout_basic, nicolae_wu_jian_wuxing_cycle,
          tso_oasis_becter, uniq_azrael
Temple:   eino_temple_water
Lair:1:   layout_cave_pods
Lair:2:   layout_roguey, nicolae_quartered_pool_little, lemuel_fruit_tree
Lair:3:   layout_hall_layers, elwin_shoals_entry_stream,
          nicolae_spider_entry_orb_guardian, uniq_kirke
Lair:4:   layout_cave_pods
Lair:5:   hangedman_lair_tendril_chambers, layout_gridlike, slime_entry_2,
          grunt_megastairs_2
Shoals:1: nicolae_shoals_offshore_bank_account, layout_shoals,
          gammafunk_ghost_necromancy
Shoals:2: layout_shoals, gammafunk_ghost_tricky_traps,
          nicolae_shoals_lost_giant_baths, lightli_airlock
Shoals:3: layout_shoals, nicolae_shoals_former_cling_halls, uniq_ilsuiw
Shoals:4: shoals_end_hellmonk_storm_palace [storm_palace_center_circular,
          storm_palace_corner_grid, storm_palace_corner_grid,
          storm_palace_corner_pillars, storm_palace_corner_blocked]
Spider:1: layout_chambers, guppyfry_spider_mini_3,
          hangedman_spider_tarantella_strand
Spider:2: layout_chambers, nicolae_spider_nook, uniq_arachne
Spider:3: layout_spider_delve, uniq_louise
Spider:4: hellmonk_spider_rune_endless_swarm
Orc:1:    layout_caves, basic_altar, lemuel_statue_altar, abandoned_shop,
          uniq_fannar
Orc:2:    st_orc_ogre_mass, layout_diamond_mine, nicolae_orc_rockfall,
          regret_index_xom_of_box
Elf:1:    layout_rooms, serial_shops, shop, nicolae_elf_shapeshifter_party,
          nicolae_elf_v_pinch, grunt_megastairs_4
Elf:2:    elven_hall_of_blades_hangedman_original [mumra_blade_entry_bloodbath],
          layout_geoelf_grid, serial_shops, shop, drop_trap,
          lemuel_upstairs_altar, uniq_asterion, uniq_roxanne, uniq_saint_roka
Elf:3:    elf_hall, layout_gridlike,
          ploomutoo_gammafunk_ghost_potion_laboratory, hex_medium,
          nicolae_elf_deep_mausoleum, grunt_megastairs_3, minmay_shop_grove
Vaults:1: infiniplex_enter_wizlab_glasses, nicolae_vaults_closet_pinwheel_4,
          v_pattern_1, nicolae_vaults_network_periphery,
          vaults_standard_mumra_x, nicolae_vaults_apartment_2,
          ontoclasm_vaults_bender, st_octagons_1,
          nicolae_vaults_closet_pinwheel_2, ontoclasm_vaults_ligature,
          nicolae_vaults_mitosis, layout_vaults_big_cross
Vaults:2: vaults_mumra_hexcomb, nicolae_vaults_octothorpe,
          hangedman_vaults_capsules, vaults_room_corners,
          minmay_crypt_entry_nasty_monster, v_misc_4, v_misc_16,
          vaults_room_pool, vaults_room_door_hall, nicolae_vaults_little_ls,
          layout_vaults_chaotic_city
Vaults:3: nicolae_vaults_hexular_roomagon, hangedman_vaults_slither, v_misc_10,
          vaults_room_fours, nicolae_vaults_wrenched, v_misc_24,
          nicolae_vaults_turnstiles, nicolae_vaults_spaceships,
          ontoclasm_vaults_misaligned, layout_vaults_maze_snakey
Vaults:4: vaults_mumra_bighexcomb, vaults_mumra_chevron_long,
          nicolae_vaults_door_testing_chamber, dpeg_vaults_monster_box,
          v_pattern_5, vaults_room_grid, v_misc_3, vaults_room_stairs_pillars,
          v_misc_25, hangedman_vaults_corner, v_misc_2,
          ontoclasm_vaults_ring_square, nicolae_vaults_trapezoid_3,
          nicolae_vaults_storage_room_glass, nicolae_vaults_little_squares_5,
          nicolae_vaults_trapezoid_lopsided_4, layout_vaults_omnibox,
          serial_shops, nicolae_shop_behind_doors
Vaults:5
Crypt:1:  layout_gridlike, uniq_zenata
Crypt:2:  lemuel_vampire_tower, layout_misc_corridors, lemuel_elevator,
          uniq_margery
Crypt:3:  church_of_pain_bobbens, layout_chaotic_city, tomb_entry_shell_bobbens,
          basic_altar, uniq_jory, uniq_mennas
Depths:1: layout_basic, lightli_too_deep, hangedman_abyss_entry_splay,
          nicolae_twisting_strands, hangedman_decor_diamond_cutter,
          lemuel_flame_loot_1, uniq_nikola
Depths:2: minmay_the_grid_triangle_9x9_rhombus_thin_mashed
          [minmay_the_grid_triangle_9x9_wacky_v,
          minmay_the_grid_triangle_9x9_prize_special,
          minmay_the_grid_triangle_9x9_steps,
          minmay_the_grid_triangle_9x9_flanged_cone], layout_basic,
          serial_shops, nicolae_inconvenience_store,
          nicolae_concentric_dashed_squares_mild, rand_demon_pan_entry_3,
          hell_entry
Depths:3: gammafunk_jiyva_shrine, layout_long_grid, enter_ziggurat_d,
          pf_vacation_house_of_asmodeus, dreamdust_wishing_well, abyss_entry,
          infiniplex_staircase_split_hallway
Depths:4: evilmike_zot_entry_hall, layout_basic, hell_entry, serial_bayou,
          serial_bayou_lake_a, serial_bayou_lagoon_b, serial_bayou_crossing,
          serial_bayou_pond_e, grunt_pan_entry_zigzag
Zot:1:    layout_misc_corridors
Zot:2:    gammafunk_dig_for_victory, layout_twisted_circle
Zot:3:    layout_gridlike, nicolae_zig_zag_zippers
Zot:4:    layout_gridville, regret_index_zotdec_split_disrupt
Zot:5:    layout_gridlike, guppyfry_library_mini

Skill      XL: |  1  2  3  4  5  6  7  8  9 10 11 12 13 14 15 16 17 18 19 20 21 22 23 24 25 26 27 |
---------------+----------------------------------------------------------------------------------+-----
Unarmed Combat | 1 2 4 5 6 7 8 10 | 10.0
Summonings     | 3 4 5 6 8 9 11 14 15 | 15.6
Fighting       | 2 5 6 7 9 11 12 13 15 | 15.8
Air Magic      | 1 5 |  5.0
Spellcasting   | 2 5 |  5.8
Maces & Flails | 6 9 13 | 13.5
Shields        | 3 9 12 14 15 16 17 18 | 18.8
Fire Magic     | 3 4 |  4.1
Armour         | 2 5 6 7 8 |  8.1
Dodging        | 2 5 6 8 10 14 15 | 15.0
Throwing       | 5 6 9 11 13 14 | 14.4
Polearms       | 6 11 | 11.9
Evocations     | 1 5 7 |  7.1
Shapeshifting  | 6 13 | 13.9
Earth Magic    | 4 |  4.1
Translocations | 1 |  1.5
Stealth        | |  1.0

Action                     |  1- 3 |  4- 6 |  7- 9 | 10-12 | 13-15 | 16-18 | 19-21 | 22-24 | 25-27 || total
---------------------------+-------+-------+-------+-------+-------+-------+-------+-------+-------++-------
  Melee: Unarmed           |   120 |   127 |   257 |   490 |   362 |       |       |       |       ||  1356
         Punch             |     1 |     2 |    14 |    33 |    13 |       |       |       |       ||    63
         Great mace        |       |       |       |     6 |     1 |       |       |       |       ||     7
         Eveningstar       |       |       |       |       |   566 |  1827 |       |       |       ||  2393
         Lance             |       |       |       |       |       |   102 |  2878 |  2945 |   925 ||  6850
         Kick              |       |       |       |       |       |       |       |   253 |   343 ||   596
  Throw: Throwing net      |       |       |       |     3 |       |     1 |       |       |       ||     4
         Dart              |       |       |       |    18 |    22 |     7 |       |       |       ||    47
         Large rock        |       |       |       |     3 |     5 |    21 |   142 |    98 |   158 ||   427
         Javelin           |       |       |       |     2 |    13 |       |       |       |       ||    15
         Boomerang         |       |       |       |       |    26 |   100 |    14 |       |       ||   140
   Cast: Call Imp          |       |     5 |    34 |    24 |     7 |     8 |       |       |       ||    78
         Summon Small Mamm |       |     2 |     4 |     2 |       |       |       |       |       ||     8
         Call Canine Famil |       |       |    24 |    26 |    60 |    22 |    24 |    12 |     1 ||   169
         Summon Lightning  |       |       |       |    54 |    91 |   112 |    53 |    64 |     9 ||   383
         Summon Blazeheart |       |       |       |       |    82 |    50 |    66 |    82 |    35 ||   315
         Summon Ice Beast  |       |       |       |       |    14 |    13 |     2 |     3 |       ||    32
         Martyr's Knell    |       |       |       |       |       |    10 |    11 |     5 |     9 ||    35
         Animate Armour    |       |       |       |       |       |       |       |     9 |     9 ||    18
         Summon Cactus Gia |       |       |       |       |       |       |       |       |    25 ||    25
         Summon Forest     |       |       |       |       |       |       |       |       |     2 ||     2
 Invoke: Curse Item        |       |       |       |     6 |     3 |     2 |     3 |     1 |     1 ||    16
         Shatter the Chain |       |       |       |       |     1 |     3 |     2 |     2 |       ||     8
  Evoke: Wand              |       |       |     8 |     5 |     2 |    12 |    16 |    21 |    11 ||    75
         Phial of floods   |       |       |       |       |     2 |     1 |       |     1 |       ||     4
         Box of beasts     |       |       |       |       |       |       |     1 |       |       ||     1
         Phantom mirror    |       |       |       |       |       |       |       |     2 |       ||     2
    Use: Scroll            |       |     4 |     9 |     4 |     7 |    12 |     5 |    15 |    13 ||    69
         Potion            |       |     2 |     4 |     3 |     4 |    13 |     6 |    14 |    32 ||    78
   Stab: Sleeping          |     1 |     2 |     1 |       |       |       |       |     2 |       ||     6
         Distracted        |     1 |       |     2 |     7 |    15 |    14 |    15 |    15 |    10 ||    79
         Betrayed ally     |       |       |       |       |       |       |       |       |     1 ||     1
 Armour: Robe              |    80 |    81 |   249 |    56 |       |       |       |       |       ||   466
         Skin              |       |       |    12 |       |       |       |       |       |   680 ||   692
         Quicksilver drago |       |       |       |   430 |   651 |  1146 |  1216 |   834 |    87 ||  4364
  Dodge: Dodged            |    43 |    49 |   122 |   206 |   124 |   173 |   387 |   312 |   280 ||  1696
  Block: Kite shield       |       |       |       |       |  1182 |  3009 |   924 |   580 |   863 ||  6558
         Tower shield      |       |       |       |       |       |       |  1657 |  1008 |       ||  2665
         Reflection        |       |       |       |       |       |       |       |    26 |    42 ||    68
   Form: Statue            |       |       |       |       |       |       |       |     1 |     2 ||     3
                           |       |       |       |       |       |       |       |     1 |     2 ||     3
